 Dungeon Crawl Stone Soup version 0.22.1-1-ga44c0e56f4 (webtiles) character file.

8597 McKennaii the Zephyrmancer (level 11, -2/57 HPs)
             Began as a Tengu Air Elementalist on Sept 30, 2018.
             Was a Priest of Vehumet.
             Slain by a gargoyle
             ... wielding a +0 morningstar
              (9 damage)
             ... on level 10 of the Dungeon on Oct 6, 2018.
             The game lasted 01:04:16 (9724 turns).

McKennaii the Zephyrmancer (Tengu Air Elementalist) Turns: 9724, Time: 01:04:16

Health: -2/57      AC:  6    Str: 24    XL:     11   Next: 33%
Magic:  4/24       EV: 18    Int: 16    God:    Vehumet [***...]
Gold:   650        SH:  0    Dex: 15    Spells: 13/26 levels left

rFire    . . .     SeeInvis .   G - +7 lajatang of Order {silver, rMut}
rCold    + + .     Gourm    .   (shield currently unavailable)
rNeg     . . .     Faith    .   z - +0 robe of the Pink Corner {rPois rC++ Str+4 Int-3} (curse)
rPois    +         Spirit   .   H - +2 hat
rElec    .         Reflect  .   o - +0 cloak
rCorr    .         Harm     .   d - +0 pair of gloves {Str+3}
rMut     +                      (boots unavailable)
MR       .....                  h - amulet of regeneration
Stlth    ++........             g - +3 ring of evasion
HPRegen  0.59/turn              y - +4 ring of strength
MPRegen  0.19/turn

@: mighty, about to teleport
A: beak, talons 3, able to fly 1
a: Fly, Renounce Religion


You were on level 10 of the Dungeon.
You worshipped Vehumet.
Vehumet was most pleased with you.
You were not hungry.

You visited 2 branches of the dungeon, and saw 11 of its levels.

You collected 764 gold pieces.
You spent 114 gold pieces at shops.

Inventory:

Hand Weapons
 G - the +7 lajatang of Order (weapon) {silver, rMut}
   (You found it on level 9 of the Dungeon)

   It protects you from mutation.
Armour
 d - a +0 pair of gloves of strength (worn)
 o - a +0 cloak (worn)
 z - the cursed +0 robe of the Pink Corner (worn) {rPois rC++ Str+4 Int-3}
   (You bought it in a shop on level 6 of the Dungeon)

   It affects your strength (+4).
   It affects your intelligence (-3).
   It greatly protects you from cold.
   It protects you from poison.
   It has a curse placed upon it.
 H - a +2 hat (worn)
Jewellery
 g - a +3 ring of evasion (left hand)
 h - an amulet of regeneration (around neck)
 q - an uncursed ring of protection from cold
 y - a +4 ring of strength (right hand)
Wands
 i - a wand of iceblast (7)
 t - a wand of clouds (4)
 B - a wand of flame (55)
 F - a wand of polymorph (11)
Scrolls
 a - 4 scrolls of identify
 b - 3 scrolls of teleportation
 e - 3 scrolls of magic mapping
 j - 5 scrolls of remove curse {unknown}
 k - 4 scrolls of fog
 l - a scroll of fear
 m - a scroll of blinking {unknown}
 n - 3 scrolls of amnesia
 p - 3 scrolls of enchant weapon
 r - a scroll of immolation
 J - a scroll of summoning {unknown}
Potions
 f - 3 potions of curing
 s - a potion of ambrosia
 u - 2 potions of flight
 v - a potion of brilliance
 w - a potion of haste
 x - 2 potions of mutation
 A - 2 potions of lignification
 D - a potion of heal wounds {unknown}
 E - a potion of degeneration {unknown}
Comestibles
 c - 11 rations


   Skills:
 + Level 2.1 Fighting
 + Level 0.6 Staves
 + Level 4.9 Dodging
 + Level 2.9 Stealth
 + Level 0.9 Unarmed Combat
 + Level 8.2 Spellcasting
 * Level 12.4 Conjurations
 * Level 13.2 Air Magic


You had 13 spell levels left.
You knew the following spells:

 Your Spells              Type           Power        Failure   Level  Hunger
a - Shock                 Conj/Air       ####         1%          1    None
b - Swiftness             Chrm/Air       ####....     1%          2    None
c - Lightning Bolt        Conj/Air       #####.....   1%          5    #####..
d - Magic Dart            Conj           ####         1%          1    None
e - Throw Icicle          Conj/Ice       ####....     2%          4    ###....

Your spell library contained the following spells:

 Spells                   Type           Power        Failure   Level  Hunger
 Static Discharge         Conj/Air       #####...     1%          3    #......
 Airstrike                Air            #####.....   1%          4    ###....


Dungeon Overview and Level Annotations

Branches:
Dungeon (10/15)            Temple (1/1) D:5            Lair (0/6) D:10
    Orc: D:9-12

Altars:
Ashenzari
Cheibriados
Dithmenos
Elyvilon
Fedhas
Gozag
Hepliaklqana
Kikubaaqudgha
Makhleb
Nemelex Xobeh
Okawaru
Qazlal
Ru
Sif Muna
Uskayaw
Vehumet
Xom
Yredelemnul
Zin
The Shining One

Shops:
D:6 [   D:9 :}


Innate Abilities, Weirdness & Mutations

You have a beak for a mouth.
You have claws for feet.
You can fly.


Message History

The stone arrow misses you.
Casting: Throw Icicle (safe; 2% risk of failure)
Confirm with . or Enter, or press ? or * to list all spells.
You don't have enough magic to cast that spell.
Unknown command.
Evoke which item? (* to show all) (? for menu, Esc to quit)
Aiming: Polymorph
Press: ? - help, Shift-Dir - straight line, f/p - gargoyle
Aim: a gargoyle, wielding a morningstar (severely damaged, chance to defeat MR: The gargoyle is unaffected.
The gargoyle hurls a stone arrow at you.
The stone arrow hits you!
As you read the scroll of teleportation, it crumbles to dust.
You feel strangely unstable.
The gargoyle hits you with a morningstar!!
* * * LOW HITPOINT WARNING * * *
It was a potion of might.
You feel very mighty all of a sudden.
The gargoyle hits you with a morningstar!
You die...

##....## ##.### ##.# #.##
#.# ####.# ## ####....#
#.### #####....##.#
##.#...#######†9@.######..#
.........##....#### ##.#
.####......##### .#
#.....## #. #......# .#
#......# .# ###.#### ###


You could see a gargoyle.

Vanquished Creatures
  Harold (D:7)
  4 two-headed ogres
  An unseen horror (D:7)
  Grinder (D:6)
  2 hippogriffs
  3 yaks
  2 hungry ghosts
  2 ice beasts
  6 ogres
  A sky beast (D:7)
  2 eyes of draining
  A phantom (D:7)
  2 centaurs
  A big kobold (D:8)
  3 bullfrogs
  3 scorpions
  8 wights (D:7)
  5 killer bees
  3 crimson imps
  2 centaur zombies
  3 bullfrog zombies
  6 hounds
  2 jellies (D:8)
  An orc priest (D:4)
  A bullfrog skeleton (D:8)
  Ijyb (D:5)
  4 iguanas
  3 worker ants
  4 orc wizards
  A hound skeleton (D:4)
  3 worker ant zombies
  4 gnolls (D:5)
  10 adders
  2 shadow imps (D:6)
  An ooze (D:2)
  2 adder skeletons (D:7)
  2 worms
  3 dart slugs (D:1)
  9 leopard geckos
  22 orcs
  3 ball pythons
  7 giant cockroaches
  7 hobgoblins
  15 jackals
  3 quokkas
  8 bats
  6 frilled lizards
  9 goblins
  A jackal skeleton (D:7)
  A jackal zombie (D:7)
  11 kobolds
  2 quokka skeletons
  7 rats
217 creatures vanquished.

Notes
Turn   | Place    | Note
-------+----------+-------------------------------------------
     0 | D:1      | McKennaii the Tengu Air Elementalist began the quest for
                  | the Orb.
     0 | D:1      | Reached XP level 1. HP: 10/10 MP: 4/4
   252 | D:1      | Reached XP level 2. HP: 15/15 MP: 0/6
   585 | D:1      | Reached skill level 5 in Air Magic
   585 | D:1      | Reached XP level 3. HP: 18/19 MP: 1/7
  1654 | D:2      | Reached XP level 4. HP: 24/24 MP: 2/8
  2109 | D:3      | Found a blossoming altar of Fedhas.
  2172 | D:3      | Noticed an ogre
  2177 | D:3      | Killed an ogre
  2177 | D:3      | Reached skill level 6 in Air Magic
  2177 | D:3      | Gained mutation: You can fly. [Tengu growth]
  2177 | D:3      | Reached XP level 5. HP: 28/28 MP: 1/10
  2437 | D:3      | Found a sparkling altar of Nemelex Xobeh.
  2515 | D:3      | Found a glowing silver altar of Zin.
  2660 | D:4      | Reached XP level 6. HP: 27/32 MP: 0/12
  2776 | D:4      | Found a hide-covered altar of Uskayaw.
  2834 | D:4      | Found a sacrificial altar of Ru.
  2850 | D:4      | You fall through a shaft!
  2850 | D:5      | Entered Level 5 of the Dungeon
  2895 | D:5      | Found a shadowy altar of Dithmenos.
  3205 | D:5      | Learned a level 2 spell: Swiftness
  3211 | D:5      | Learned a level 5 spell: Lightning Bolt
  3225 | D:5      | Found a staircase to the Ecumenical Temple.
  3253 | Temple   | Entered the Ecumenical Temple
  3278 | Temple   | Became a worshipper of Vehumet
  3406 | D:5      | Noticed Ijyb
  3413 | D:5      | Killed Ijyb
  3551 | D:5      | HP: 1/32 [centaur (8)]
  3552 | D:5      | Reached XP level 7. HP: 2/36 MP: 1/14
  3852 | D:4      | Reached skill level 5 in Conjurations
  3853 | D:4      | Reached skill level 7 in Air Magic
  4122 | D:4      | Found a stormy altar of Qazlal.
  4371 | D:4      | Found a white marble altar of Elyvilon.
  4371 | D:4      | Found a faded altar of an unknown god.
  4376 | D:4      | Found a hazy altar of Hepliaklqana.
  4381 | D:4      | Found a faded altar of an unknown god.
  4383 | D:4      | Found a shadowy altar of Dithmenos.
  4450 | D:4      | Reached * piety under Vehumet
  4450 | D:4      | Offered knowledge of Magic Dart by Vehumet.
  4453 | D:4      | Learned a level 1 spell: Magic Dart
  4486 | D:4      | Found a sparkling altar of Nemelex Xobeh.
  4610 | D:6      | Found Vowky's Antique Armour Shop.
  4637 | D:6      | Bought a warped robe for 114 gold pieces
  4647 | D:6      | Identified the cursed +0 robe of the Pink Corner {rPois
                  | rC++ Str+4 Int-3} (You bought it in a shop on level 6 of
                  | the Dungeon)
  4713 | D:6      | Noticed Grinder
  4728 | D:6      | Killed Grinder
  4728 | D:6      | Reached skill level 8 in Air Magic
  4728 | D:6      | Reached XP level 8. HP: 21/41 MP: 6/15
  4953 | D:6      | Found a shattered altar of Ashenzari.
  5260 | D:6      | Reached skill level 5 in Spellcasting
  5638 | D:7      | Noticed a hippogriff
  5657 | D:7      | Killed a hippogriff
  5657 | D:7      | Reached skill level 9 in Air Magic
  5874 | D:7      | Reached XP level 9. HP: 31/46 MP: 10/18
  5953 | D:7      | Reached ** piety under Vehumet
  5953 | D:7      | Reached skill level 10 in Air Magic
  5954 | D:7      | Offered knowledge of Throw Frost by Vehumet.
  6030 | D:7      | HP: 2/46 [something (10)]
  6051 | D:7      | Killed an unseen horror
  6051 | D:7      | Reached skill level 1 in Fighting
  6261 | D:7      | Found a shimmering altar of Xom.
  6280 | D:7      | Found a sand-covered staircase.
  6286 | D:7      | Noticed Harold
  6300 | D:7      | Killed Harold
  6300 | D:7      | Reached skill level 10 in Conjurations
  6300 | D:7      | Reached XP level 10. HP: 24/52 MP: 17/20
  6305 | D:7      | Reached skill level 11 in Air Magic
  6657 | D:7      | Found a shimmering altar of Xom.
  6664 | D:7      | Found a shimmering altar of Xom.
  6664 | D:7      | Found a shimmering altar of Xom.
  6664 | D:7      | Found a shimmering altar of Xom.
  6678 | D:7      | Found a shimmering altar of Xom.
  7112 | D:8      | Offered knowledge of Ignite Poison by Vehumet.
  7445 | D:9      | Noticed a two-headed ogre
  7457 | D:8      | Killed a two-headed ogre
  7457 | D:8      | Reached skill level 12 in Air Magic
  7533 | D:9      | Found Coraajar's Book Emporium.
  7557 | D:9      | Reached *** piety under Vehumet
  7698 | D:9      | Found a shattered altar of Ashenzari.
  7714 | D:9      | Found Xounox's Gadget Shoppe.
  8003 | D:9      | Found an ancient bone altar of Kikubaaqudgha.
  8318 | D:9      | Found a snail-covered altar of Cheibriados.
  8397 | D:9      | Found the +7 lajatang of Order {silver, rMut}
  8484 | D:10     | Entered Level 10 of the Dungeon
  8563 | D:10     | Noticed a two-headed ogre
  8574 | D:10     | Killed a two-headed ogre
  8672 | D:10     | Noticed a two-headed ogre
  8675 | D:10     | Killed a two-headed ogre
  8675 | D:10     | Reached XP level 11. HP: 56/56 MP: 3/24
  8853 | D:10     | Reached skill level 13 in Air Magic
  8984 | D:10     | Noticed a two-headed ogre
  9015 | D:10     | Killed a two-headed ogre
  9015 | D:10     | Offered knowledge of Throw Icicle by Vehumet.
  9206 | D:10     | Learned a level 4 spell: Throw Icicle
  9231 | D:10     | Found a staircase to the Lair.
  9724 | D:10     | Slain by a gargoyle

Skill      XL: |  1  2  3  4  5  6  7  8  9 10 11 |
---------------+----------------------------------+-----
Air Magic      | 5 6 8 9 10 12 13 | 13.2
Conjurations   | 2 3 4 6 8 10 11 12 | 12.4
Spellcasting   | 3 4 5 6 8 |  8.2
Dodging        | 3 4 |  4.9
Fighting       | 1 2 |  2.1
Staves         | |  0.6
Stealth        | |  2.9
Unarmed Combat | |  0.9

Action                   |  1- 3 |  4- 6 |  7- 9 | 10-12 || total
-------------------------+-------+-------+-------+-------++-------
Melee: Unarmed           |     9 |    27 |    32 |     4 ||    72
       Kick              |     1 |     5 |     4 |     4 ||    14
       Peck              |       |       |     8 |     2 ||    10
       Lajatang          |       |       |       |     5 ||     5
 Cast: Shock             |    84 |   104 |   221 |   236 ||   645
       Magic Dart        |       |       |     9 |       ||     9
       Lightning Bolt    |       |       |     5 |    25 ||    30
       Throw Icicle      |       |       |       |     4 ||     4
 Abil: Fly               |       |       |       |     2 ||     2
Evoke: Wand              |       |       |       |     1 ||     1
  Use: Scroll            |       |     1 |    11 |     3 ||    15
       Potion            |       |     1 |     8 |     1 ||    10
  Eat: Chunk             |     3 |     5 |     7 |    13 ||    28
       Ration            |       |       |     1 |     2 ||     3
Armor: Robe              |     5 |     2 |    17 |    19 ||    43
       Skin              |       |       |    22 |       ||    22
Dodge: Dodged            |    11 |    40 |    86 |   103 ||   240
